 Dungeon Crawl Stone Soup version 0.30.1-9-gdf580d7c3d (webtiles) character file.

Game seed: 11042581799403855886

53 Chiseanne the Gusty (level 3, 0/26 HPs)
             Began as a Demonspawn Wanderer on Oct 8, 2023.
             Slain by a gnoll
             ... wielding a +4 halberd of protection
              (10 damage)
             ... on level 2 of the Dungeon.
             The game lasted 00:03:21 (1808 turns).

Chiseanne the Gusty (Demonspawn Wanderer)           Turns: 1808, Time: 00:03:21

Health: 0/26       AC:  2    Str: 12    XL:     3   Next: 62%
Magic:  4/6        EV: 11    Int: 17    God:
Gold:   86         SH:  0    Dex: 10    Spells: 5/6 levels left

rFire   . . .        a - +1 club
rCold   . . .        (no shield)
rNeg    . . .        c - +0 robe
rPois   .            (no helmet)
rElec   .            (no cloak)
rCorr   .            (no gloves)
SInv    .            (no boots)
Will    .....        (no amulet)
Stlth   +            (no ring)
HPRegen 0.24/turn    (no ring)
MPRegen 0.10/turn

%: no passive effects
@: very slightly contaminated
A: foul stench 1
a: no special abilities


You were on level 2 of the Dungeon.
You visited 1 branch of the dungeon, and saw 3 of its levels.

You collected 86 gold pieces.

Inventory:

Hand Weapons
 a - a +1 club (weapon)
Missiles
 e - 40 stones (quivered)
Armour
 c - a +0 robe (worn)
Jewellery
 k - a ring of see invisible
Scrolls
 d - 2 scrolls of teleportation
Potions
 b - a potion of curing
 g - a potion of brilliance {unknown}
 h - a potion of resistance {unknown}
 i - a potion of magic {unknown}
 m - a potion of lignification {unknown}


   Skills:
 - Level 1.0 Fighting
 - Level 1.0 Throwing
 + Level 1.1 Dodging
 * Level 2.1 Spellcasting
 * Level 2.0 Conjurations
 - Level 3.6 Air Magic
 - Level 1.0 Earth Magic
 - Level 2.0 Evocations


You had 5 spell levels left.
You knew the following spells:

 Your Spells              Type           Power      Damage    Failure   Level
a - Shock                 Conj/Air       44%        1d5       6%          1

Your spell library contained the following spells:

 Spells                   Type           Power      Damage    Failure   Level
 Sandblast                Erth           10%        2d5       13%         1
 Swiftness                Air            14%        N/A       13%         3
 Cigotuvi's Dreadful Rot  Necr/Pois/Air  10%        N/A       19%         2
 Stone Arrow              Conj/Erth      12%        3d7       30%         3
 Call Canine Familiar     Summ           1%         N/A       50%         3
 Portal Projectile        Hex/Tloc       2%         N/A       50%         3
 Leda's Liquefaction      Hex/Erth       1%         N/A       83%         4


Dungeon Overview and Level Annotations

Branches:
Dungeon (3/15)

Altars:


Innate Abilities, Weirdness & Mutations

You may rarely emit foul miasma when damaged in melee.


Message History

Orders for allies: a - Attack new target. r - Retreat! s - Stop attacking. g - Guard the area. f - Follow me.
Anything else - Cancel.
Retreat in which direction?
Press: ? - help, Dir - move target, f - you
Okay, then.
Unknown command.
As you read the scroll labelled IVVEIR SILLIOWN, it crumbles to dust.
A profound silence engulfs you.
It was a scroll of silence.
Your hearing returns.
(D) Dungeon
Where to? (Enter - D:2, ? - help)
There is a stone staircase leading down here.
You climb downwards.
The gnoll shouts! x2; You hear a shout!
The gnoll shouts!
You hear a shout! x3
Found 2 glowing purple potions.
There is a stone staircase leading up here.
There are monsters nearby!
The gnoll hits you with a +4 halberd of protection!
The gnoll hits you but does no damage.
You climb upwards.
There is a stone staircase leading down here.
Casting: Shock (safe; 6% risk of failure)
Confirm with . or Enter, or press ? or * to list all spells.
Aiming: Shock (safe; 6% risk of failure)
Press: ? - help, Shift-Dir - straight line The zap hits the gnoll.
The gnoll is lightly wounded.
The zap misses the gnoll.
The gnoll hits you with a +4 halberd of protection!
Casting: Shock (safe; 6% risk of failure)
Confirm with . or Enter, or press ? or * to list all spells.
Aiming: Shock (safe; 6% risk of failure)
Press: ? - help, Shift-Dir - straight line You miscast Shock.
You are very lightly contaminated with residual magic.
Nothing appears to happen.
The gnoll hits you with a +4 halberd of protection!
You die...

##.##.# #.##.# #.##.#
##.##.# ##.#.#.#
######.###..# #.....##
##.# #.####g###..# #.#
##@#.#.# #.# ##.##.#
##.## ####.#
#########...########.#
.....................#
#########...##########
##.## #.# #.#


You could see a gnoll.

Vanquished Creatures
  2 adders (D:2)
  A dart slug (D:1)
  3 ball pythons (D:1)
  8 endoplasms
  2 giant cockroaches (D:2)
  2 goblins (D:2)
  4 hobgoblins
  2 kobolds
  5 rats
29 creatures vanquished.

Notes
Turn   | Place    | Note
-------+----------+-------------------------------------------
     0 | D:1      | Chiseanne the Demonspawn Wanderer began the quest for the
                  | Orb.
     0 | D:1      | Chiseanne set off with the following items: a +0 club, a
                  | potion of curing, a +0 robe, a scroll of teleportation; and
                  | the following spells available to memorise: Shock,
                  | Sandblast, Cigotuvi's Dreadful Rot, Swiftness, Stone Arrow.
     0 | D:1      | Reached XP level 1. HP: 15/15 MP: 2/2
     0 | D:1      | Chiseanne: 40 ac but thats nothing right ? FUCK YOU
     6 | D:1      | Learned a level 1 spell: Shock
   209 | D:1      | Reached skill level 1 in Conjurations
   209 | D:1      | Gained mutation: You may rarely emit foul miasma when
                  | damaged in melee. [demonic ancestry]
   209 | D:1      | Reached XP level 2. HP: 20/21 MP: 4/4
   883 | D:2      | Found a faded altar of an unknown god.
  1091 | D:2      | Reached XP level 3. HP: 26/26 MP: 1/5
  1148 | D:2      | Reached skill level 1 in Dodging
  1729 | D:2      | Chiseanne: fat shield on top but that shit hits through
                  | everything..FUCK YOU
  1808 | D:2      | Slain by a gnoll

Illustrated notes

Levels and vault maps discovered:
D:1:      kennysheep_arrival_seaside, layout_rooms, serial_glass,
          glass_columns_c, glass_columns_b, feat_on_display
D:2:      layout_loops_ring, ebering_ecumenical_altar_hall,
          minmay_misc_feat_five
D:3:      layout_basic, minmay_fountain_box, minmay_pentomino_pile, uniq_pargi,
          uniq_sigmund

Skill      XL: |  1  2  3 |
---------------+----------+-----
Conjurations   | 1 2 |  2.0
Dodging        | 1 |  1.1
Spellcasting   | 2 |  2.1
Fighting       | |  1.0
Throwing       | |  1.0
Air Magic      | |  3.6
Earth Magic    | |  1.0
Evocations     | |  2.0

Action                     || total
---------------------------++-------
  Melee: Club              ||    34
   Cast: Shock             ||    60
    Use: Scroll            ||     5
 Armour: Robe              ||     8
  Dodge: Dodged            ||    40
